 Dungeon Crawl Stone Soup version 0.23.0-3-gf3c87f2 (webtiles) character file.

Game seed: 10499537894963683445

20 xccam the Sneak (level 2, 0/23 HPs)
             Began as a Gnoll Wanderer on Feb 20, 2019.
             Slain by a jackal (3 damage)
             ... on level 1 of the Dungeon.
             The game lasted 00:01:34 (339 turns).

xccam the Sneak (Gnoll Wanderer)                     Turns: 339, Time: 00:01:35

Health: 0/23       AC:  2    Str: 12    XL:     2   Next: 79%
Magic:  5/5        EV: 11    Int: 17    God:
Gold:   28         SH:  0    Dex: 13    Spells: 2/2 levels left

rFire    . . .     SeeInvis .   a - +2 dagger
rCold    . . .     Gourm    .   (no shield)
rNeg     . . .     Faith    .   f - +0 robe
rPois    .         Spirit   .   (no helmet)
rElec    .         Reflect  .   (no cloak)
rCorr    .         Harm     .   (no gloves)
MR       .....                  (no boots)
Stlth    ++++......             (no amulet)
HPRegen  0.07/turn              (no ring)
MPRegen  0.09/turn              (no ring)

@: flying
A: distributed training, fangs 1, strong nose
a: no special abilities


You were on level 1 of the Dungeon.
You were not hungry.

You visited 1 branch of the dungeon, and saw 1 of its levels.

You collected 28 gold pieces.

Inventory:

Hand Weapons
 a - a +2 dagger (weapon)
 b - a +0 hand crossbow
 h - a +0 hunting sling
Missiles
 d - 14 bolts
 i - 28 stones (quivered)
Armour
 f - a +0 robe (worn)
 k - a +0 chain mail
Wands
 e - a wand of random effects (15)
Scrolls
 c - a scroll of fear
 j - a scroll of identify {unknown}
 l - a scroll of magic mapping {unknown}
Comestibles
 g - a ration


   Skills:
 + Level 2.5 Fighting
 + Level 0.5 Short Blades
 + Level 0.5 Long Blades
 + Level 0.5 Axes
 + Level 0.5 Maces & Flails
 + Level 0.5 Polearms
 + Level 0.5 Staves
 + Level 0.5 Slings
 + Level 0.5 Bows
 + Level 6.5 Crossbows
 + Level 0.5 Throwing
 + Level 0.5 Armour
 + Level 0.5 Dodging
 + Level 7.7 Stealth
 + Level 0.5 Shields
 + Level 0.5 Unarmed Combat
 + Level 0.5 Spellcasting
 + Level 0.3 Conjurations
 + Level 0.3 Hexes
 + Level 0.3 Charms
 + Level 0.3 Summonings
 + Level 0.3 Necromancy
 + Level 0.3 Translocations
 + Level 0.3 Transmutations
 + Level 0.3 Fire Magic
 + Level 0.3 Ice Magic
 + Level 0.3 Air Magic
 + Level 0.3 Earth Magic
 + Level 0.3 Poison Magic
 + Level 0.6 Invocations
 + Level 4.5 Evocations


You had 2 spell levels left.
You didn't know any spells.
Your spell library was empty.

Dungeon Overview and Level Annotations

Branches:
Dungeon (1/15)

Altars:


Innate Abilities, Weirdness & Mutations

Your experience applies equally to all skills.
You have very sharp teeth.
Your uncanny sense of smell can sniff out nearby items.


Message History

The jackal bites you but does no damage.
The jackal barely misses you.
You closely miss the jackal. Your bite misses the jackal.
The jackal barely misses you. The jackal bites you.
* * * LOW HITPOINT WARNING * * *
You hit the jackal. Your bite misses the jackal.
The jackal is heavily wounded.
The jackal completely misses you. The jackal bites you.
* * * LOW HITPOINT WARNING * * *
The jackal closely misses you. The jackal bites you.
* * * LOW HITPOINT WARNING * * *
It was a potion of flight.
You feel very buoyant.
You fly up into the air.
The jackal barely misses you. The jackal closely misses you.
You hit the jackal.
You kill the jackal!
The jackal misses you.
You closely miss the jackal. The jackal misses you. The jackal bites you.
You die...

#...#≈≈...........≈≈#..#
#...#≈≈≈.........≈≈≈#..#
....#≈≈≈≈≈≈...≈≈≈≈≈≈#..#
.....#≈≈≈≈≈≈≈.≈≈≈≈≈≈≈#..#
.....#≈≈≈≈≈≈≈<≈≈≈≈≈≈≈#..##
......#################...#
....................#
....................#
....##†@####.......#
#.>#h#####.#######
##..........# #...........#
#....(......# #...........#
#...........# #.(.........#
.....(.[.....#


You could see a jackal.

Vanquished Creatures
  2 bats (D:1)
  A giant cockroach (D:1)
  3 goblins (D:1)
  3 hobgoblins (D:1)
  3 jackals (D:1)
  2 kobolds (D:1)
  A frilled lizard (D:1)
  3 rats (D:1)
18 creatures vanquished.

Notes
Turn   | Place    | Note
-------+----------+-------------------------------------------
     0 | D:1      | xccam the Gnoll Wanderer began the quest for the Orb.
     0 | D:1      | xccam set off with the following items: a +2 dagger, a
                  | scroll of fear, a +0 hand crossbow, 26 bolts, a wand of
                  | random effects (15), a +0 robe, a ration
     0 | D:1      | Reached XP level 1. HP: 17/17 MP: 3/3
    90 | D:1      | Reached XP level 2. HP: 22/23 MP: 5/5
   339 | D:1      | Slain by a jackal

Action                   || total
-------------------------++-------
Melee: Dagger            ||     5
 Fire: Hand crossbow     ||    31
  Use: Potion            ||     1
Armor: Robe              ||     2
Dodge: Dodged            ||    13
